 Dungeon Crawl Stone Soup version 0.28-a0-691-gad6df49e81 (webtiles) character file.

Game seed: 16401284435513929337

47 cheechan the Chopper (level 3, -5/34 HPs)
             Began as a Naga Chaos Knight on Oct 22, 2021.
             Was a Plaything of Xom.
             Slain by a gnoll (6 damage)
             ... on level 2 of the Dungeon.
             The game lasted 00:06:16 (1075 turns).

cheechan the Chopper (Naga Chaos Knight)            Turns: 1075, Time: 00:06:16

Health: -5/34      AC:  5    Str: 15    XL:     3   Next: 70%
Magic:  3/3        EV: 13    Int: 12    God:    Xom [..*...]
Gold:   43         SH:  0    Dex: 15    Spells: 2/2 levels left

rFire   . . .      SeeInvis +   a - +1 hand axe (chaos)
rCold   + . .      Faith    .   (no shield)
rNeg    . . .      Spirit   .   b - +3 leather armour
rPois   +          Reflect  .   (no helmet)
rElec   .          Harm     .   (no cloak)
rCorr   .          Rampage  .   (no gloves)
Will    .....                   (no barding)
Stlth   +.........              (no amulet)
HPRegen 0.11/turn               e - ring "Tocsiro" {rC+ EV+4 Dex+5}
MPRegen 0.08/turn               (no ring)

@: very slow
A: AC +1, large, see invisible, deformed body, poison resistance, slowness 2,
spit poison 1, naga tail 1
a: Spit Poison, Renounce Religion


You were on level 2 of the Dungeon.
You worshipped Xom.
You were a toy of Xom.
You visited 1 branch of the dungeon, and saw 2 of its levels.

You collected 43 gold pieces.

Inventory:

Hand Weapons
 a - a +1 hand axe of chaos (weapon)
Missiles
 c - 14 sling bullets
 d - 15 stones
 h - 6 boomerangs
Armour
 b - a +3 leather armour (worn)
Jewellery
 e - the ring "Tocsiro" (left hand) {rC+ EV+4 Dex+5}
   (You acquired it on level 1 of the Dungeon)

   [ring of evasion]

   EV:        It affects your evasion (+4).
   Dex:       It affects your dexterity (+5).
   rC:        It protects you from cold.
Scrolls
 f - a scroll of teleportation
 i - a scroll of identify
Potions
 g - a potion of curing {unknown}


   Skills:
 + Level 3.6 Fighting
 + Level 3.6 Axes
 + Level 1.9 Armour
 + Level 1.0 Dodging
 + Level 0.7 Stealth


You had 2 spell levels left.
You didn't know any spells.
Your spell library was empty.

Dungeon Overview and Level Annotations

Branches:
Dungeon (2/15)

Altars:


Innate Abilities, Weirdness & Mutations

Your serpentine skin is tough. (AC +1)
You have supernaturally acute eyesight. (SInv)
Armour fits poorly on your strangely shaped body.
Your system is resistant to poisons. (rPois)
You cover ground very slowly.
You can spit poison.
You have a snake-like lower body.


Message History

The dart slug is lightly wounded.
You slash the dart slug!
The dart slug is almost dead.
The dart slug closely misses you.
You hit the dart slug.
You kill the dart slug! "Where it stops, nobody knows!"
Your surroundings suddenly seem different.
Your surroundings suddenly seem different.
Your surroundings suddenly seem different.
Found 5 javelins.
Your surroundings suddenly seem different.
Found a cloak.
Found an escape hatch in the ceiling.
Your surroundings suddenly seem different.
Your surroundings suddenly seem different.
A worm comes into view.
Your surroundings suddenly seem different. 3 gnolls come into view.
Okay, then.
Okay, then.
The helpless gnoll fails to defend itself.
You hit the gnoll.
The gnoll shouts!
The gnoll seems to speed up.
The gnoll is moderately wounded.
The gnoll shouts! x2
The gnoll barely misses you. The gnoll hits you with a +0 flail!
Found an Everburning Encyclopedia.
The gnoll barely misses you. The gnoll hits you with a +0 club.
The gnoll closely misses you. The gnoll hits you with a +0 flail.
The gnoll hits you with a +0 club.
You hit the gnoll but do no damage. You hit the gnoll. You freeze the gnoll.
You barely miss the gnoll. The gnoll barely misses you.
The gnoll hits you with a +0 flail.
* * * LOW HITPOINT WARNING * * *
You emit a cloud of colourful smoke!
The gnoll hits you but does no damage. The gnoll hits you with a +0 flail!
* * * LOW HITPOINT WARNING * * *
The gnoll hits you with a +0 spear.
You die...
Xom cackles wildly!

..#.#####.#.....#,..,,,.######...
.>...............,,,........<....
..#.####..#.###.#**,:.,.....##.##
..#...........,...,.#,*.#.*,,#.#
..#..........######.,,,.,,,,,..#
..#..........###...,*,*,*,*,*###
............##....#,,,,,,,,,*
............##.§§g#,*,*,*,*,* ***
..#.#.#.#...##.§@g#,,,,,,,,,* *,,
#.........#**#.§g.#,*,*,*,*,* *,,
#.#.#.#.#.#**#....#,,,,,,,,,* *,,
#..................,***,**,** *,,
#.#.#.#.#...........* *,,,,* *,,
..............w.....# ****,* *,,
..#.#.#.#...........# *,****,,
(.........#.........# *,*,,,,,
........###.........#*****,,,*,*,


You could see a worm and 3 gnolls.

Vanquished Creatures
  2 adders (D:2)
  4 dart slugs
  4 ball pythons
  2 goblins (D:2)
  A hobgoblin (D:1)
  3 kobolds
  A quokka (D:2)
  2 bats
  2 frilled lizards (D:1)
  A rat (D:2)
22 creatures vanquished.

Vanquished Creatures (others)
  5 fungi (D:2)
  10 plants (D:2)
15 creatures vanquished.

Grand Total: 37 creatures vanquished

Notes
Turn   | Place    | Note
-------+----------+-------------------------------------------
     0 | D:1      | cheechan the Naga Chaos Knight began the quest for the Orb.
     0 | D:1      | Reached XP level 1. HP: 21/21 MP: 1/1
   244 | D:1      | Identified a scroll of acquirement
   244 | D:1      | Acquired the ring "Tocsiro" {rC+ EV+4 Dex+5}
   393 | D:1      | Reached XP level 2. HP: 27/28 MP: 2/2
   572 | D:1      | XOM: divination: magic mapping
   634 | D:2      | XOM: silly message
   680 | D:2      | Reached XP level 3. HP: 34/34 MP: 3/3
   917 | D:2      | Found a faded altar of an unknown god.
   975 | D:2      | Reached skill level 1 in Dodging
  1072 | D:2      | XOM: 7-stop teleportation journey
  1075 | D:2      | XOM: smoke on damage
  1075 | D:2      | HP: 1/34 [gnoll (9)]
  1075 | D:2      | Slain by a gnoll

Illustrated notes

Levels and vault maps discovered:
D:1:      heliophobic_arrival_battle_scene, layout_rooms, st_stairs_7,
          hangedman_glass_teeth, serial_park_tiny_pond
D:2:      layout_basic, serial_glass, glass_columns_b, glass_columns_c,
          glass_columns_a, glass_columns_c, glass_columns_c, glass_columns_b,
          glass_columns_a, glass_columns_b, glass_columns_b, glass_columns_c,
          item_on_display_a, shapermc_ecumenical_altar_mp_ritualfount,
          uniq_jessica

Skill      XL: |  1  2  3 |
---------------+----------+-----
Dodging        | 1 |  1.0
Fighting       | |  3.6
Axes           | |  3.6
Armour         | |  1.9
Stealth        | |  0.7

Action                   || total
-------------------------++-------
Melee: Hand axe          ||    89
  Use: Scroll            ||     6
 Stab: Paralysed         ||     2
       Petrifying        ||     1
       Sleeping          ||     1
Armor: Leather armour    ||    23
Dodge: Dodged            ||    65

Table legend: (Time is in decaauts)
 A = Elapsed time spent in this place.
 B = Non-inter-level travel time spent in this place.
 C = Inter-level travel time spent in this place.
 D = Time resting spent in this place.
 E = Time spent auto-exploring this place.
 F = Levels seen in this place.
 G = Mean time per level.
                   A        B        C        D        E       F      G
               +--------+--------+--------+--------+--------+-----+--------+
         Total |   1407 |   1407 |      0 |    159 |      0 |   2 |  703.5 |
       Dungeon |   1407 |   1407 |      0 |    159 |      0 |   2 |  703.5 |
               +--------+--------+--------+--------+--------+-----+--------+

Top non-repeatable levels by time:
     D:1: 816 daAuts
     D:2: 590 daAuts
